 Dungeon Crawl Stone Soup version 0.20.1-1-g8b1a95d (webtiles) character file.

709 MasterBenM the Skirmisher (level 7, 0/76 HPs)
             Began as an Ogre Berserker on Sept 11, 2017.
             Was a Believer of Trog.
             Slain by a jackal (1 damage)
             ... on level 5 of the Dungeon.
             The game lasted 00:48:36 (5259 turns).

MasterBenM the Skirmisher (Ogre Berserker)          Turns: 5259, Time: 00:48:40

Health: 0/76       AC:  4    Str: 24    XL:     7   Next: 68%
Magic:  7/7        EV: 11    Int:  8    God:    Trog [**....]
Gold:   200        SH:  0    Dex:  8    Spells: 6/6 levels left

rFire    . . .     SeeInvis .   a - +3 spear
rCold    . . .     Gourm    .   (no shield)
rNeg     + . .     Faith    .   b - +1 animal skin
rPois    .         Spirit   .   (helmet restricted)
rElec    .         Reflect  .   (no cloak)
rCorr    .         Harm     .   (gloves unavailable)
MR       ++...                  (boots unavailable)
Stlth    ++........             (no amulet)
Regen    1.3/turn               o - ring of positive energy
MPRegen  0.1/turn               (no ring)

@: berserk cooldown, regenerating, slowed, very slow
A: unfitting armour, tough skin 1
a: Berserk, Trog's Hand, Burn Spellbooks, Renounce Religion


You were on level 5 of the Dungeon.
You worshipped Trog.
Trog was pleased with you.
You were very hungry.

You visited 1 branch of the dungeon, and saw 5 of its levels.

You collected 200 gold pieces.

Inventory:

Hand Weapons
 a - a +3 spear (weapon)
 f - a +0 whip
 i - a +0 club
 k - a +0 dagger
 q - a cursed -2 dagger
 s - a +0 dagger
 v - a +0 hand axe
 w - a cursed -3 dagger
 F - a +0 club
Missiles
 g - 60 stones (quivered)
 t - 11 sling bullets
 y - 16 arrows
 H - 24 bolts
Armour
 b - a +1 animal skin (worn)
 d - a +0 ring mail
 j - a +0 leather armour
 l - a +0 leather armour
 n - a +0 leather armour
 u - a +0 ring mail
 x - a cursed +0 pair of boots
 z - a +0 ring mail
 B - a +0 leather armour
 D - a +0 leather armour
 G - a +0 leather armour
Jewellery
 o - a ring of positive energy (left hand)
Wands
 r - a wand of confusion (23/48)
 A - a wand of confusion (17/48)
Scrolls
 e - 2 scrolls of identify
 m - 2 scrolls of remove curse
 p - a scroll of recharging
 C - a scroll of amnesia
Potions
 E - a potion of curing
 I - a potion of lignification {unknown}
 J - a potion of berserk rage {unknown}
Comestibles
 c - 3 bread rations
 h - 2 meat rations
 K - 2 chunks of flesh


   Skills:
 + Level 6.7 Fighting
 + Level 5.8 Polearms
 + Level 0.2 Throwing
 + Level 4.6 Dodging
 + Level 1.9 Stealth


You had 6 spell levels left.
You didn't know any spells.

Dungeon Overview and Level Annotations

Branches:
Dungeon (5/15)
 Temple: D:4-7

Altars:


Innate Abilities, Weirdness & Mutations

You are too large for most types of armour.
You have tough skin. (AC +1)


Message History

You are exhausted.
You feel yourself slow down.
Attack whom?
Press: ? - help, Dir - move target cursor, f/p - ogre
Aim: an ogre, wielding a giant spiked club (severely wounded)
You reach to attack!
You completely miss the ogre.
The ogre is severely wounded.
You are feeling very hungry.
The ogre misses you.
A jackal comes into view.
Okay, then.
Okay, then.
The jackal barks!
Your skin crawls.
You feel resistant to hostile enchantments.
You feel somewhat more hungry. The jackal closely misses you.
The ogre hits you with a giant spiked club!
* * * LOW HITPOINT WARNING * * *
The jackal bites you.
You die...

#.(......
##..((...(
#?(..(......... ..
#.....(..(..... .#
#.((...........
..##....((........
#.#...?)((.....>..
#.#......(........
#.#@O.s((.........
#..hH.Z.((((......
##..........[.....
#.#############..
#.## #..# #..#
##.# .# ####.##
..#


You could see a hippogriff, an ogre, a scorpion, a giant cockroach zombie and a
jackal.

Vanquished Creatures
  The ghost of Chisa the Cudgeler, an amateur DsGl (D:3)
  Menkaure (D:4)
  2 phantoms (D:5)
  A howler monkey (D:4)
  2 iguanas (D:5)
  3 worker ants
  7 adders
  An adder skeleton (D:4)
  2 worms
  A dart slug (D:2)
  A leopard gecko (D:2)
  An orc (D:3)
  6 bats
  4 giant cockroaches
  4 hobgoblins
  9 jackals
  3 quokkas (D:3)
  4 frilled lizards
  5 goblins
  4 kobolds
  A leopard gecko skeleton (D:4)
  10 rats
73 creatures vanquished.

Notes
Turn   | Place    | Note
-------+----------+-------------------------------------------
     0 | D:1      | MasterBenM the Ogre Berserker began the quest for the Orb.
     0 | D:1      | Reached XP level 1. HP: 24/24 MP: 1/1
   450 | D:1      | Reached XP level 2. HP: 33/33 MP: 2/2
  1475 | D:2      | Reached XP level 3. HP: 36/41 MP: 3/3
  1876 | D:3      | Noticed Chisa's ghost (amateur DsGl)
  2205 | D:2      | Reached skill level 5 in Fighting
  2656 | D:2      | Reached XP level 4. HP: 50/50 MP: 4/4
  2889 | D:3      | Reached ** piety under Trog
  2930 | D:3      | Killed Chisa's ghost
  2930 | D:3      | Reached skill level 1 in Stealth
  2930 | D:3      | Reached XP level 5. HP: 55/57 MP: 5/5
  2930 | D:3      | Reached XP level 6. HP: 64/66 MP: 6/6
  3685 | D:4      | Noticed Menkaure
  3701 | D:4      | Killed Menkaure
  3701 | D:4      | Reached skill level 6 in Fighting
  4315 | D:4      | Reached skill level 5 in Polearms
  4468 | D:4      | Reached XP level 7. HP: 45/75 MP: 7/7
  4716 | D:4      | You fall through a shaft!
  4716 | D:5      | Entered Level 5 of the Dungeon
  5243 | D:5      | Noticed a hippogriff
  5259 | D:5      | HP: 1/76 [ogre/giant spiked club (14)]
  5259 | D:5      | Slain by a jackal

Skill      XL: |  1  2  3  4  5  6 |
---------------+-------------------+-----
Dodging        | 3 4 |  4.6
Fighting       | 5 6 |  6.7
Polearms       | 4 5 |  5.8
Stealth        | 1 |  1.9
Throwing       | |  0.2

Action                   |  1- 3 |  4- 6 |  7- 9 || total
-------------------------+-------+-------+-------++-------
Melee: Spear             |   117 |   138 |    84 ||   339
Throw: Stone             |       |       |    32 ||    32
Invok: Berserk           |       |     2 |     1 ||     3
       Trog's Hand       |       |     1 |     2 ||     3
  Use: Potion            |     7 |       |       ||     7
       Scroll            |     8 |     1 |       ||     9
 Stab: Distracted        |       |     1 |       ||     1
       Sleeping          |       |     1 |       ||     1
  Eat: Chunk             |     2 |     1 |     2 ||     5
       Bread ration      |     1 |     1 |       ||     2
       Royal jelly       |     1 |       |       ||     1
Armor: Animal skin       |    22 |    35 |    13 ||    70
Dodge: Dodged            |    34 |    73 |    28 ||   135
